Map: [ESL] Oceanborn

Players

Fjant

  • Race: Zerg Zerg
  • League: Grandmaster
  • Spawn Location: 5:00

DnS - Winner!

  • Race: Protoss Protoss
  • Spawn Location: 11:00

Event: HomeStory Cup XXIV

VOD

Have the link to the VOD?

Description

Time

  • Played on: Dec. 1, 2023, 8:18 a.m.
  • Length: 10:03

All games in this series

Show
View Real Time Build Order
Export as new Build Order

Fjant Zerg 

Build Orders: Hatch First 

Get SALT Encoding   

  12  0:00  Drone  
  13  0:10  Drone  
  13  0:14  Extractor  
  13  0:15  Drone  
  15  0:37  Hatchery  
  14  0:43  Extractor  
  14  0:44  Drone  
  14  0:48  Overlord  
  15  1:02  Spawning Pool  
  14  1:06  Drone  
  14  1:10  Drone  
  16  1:14  Drone  
  17  1:24  Extractor  
  17  1:25  Drone  
  17  1:30  Drone  
  18  1:44  Drone  
  19  1:49  Queen x2  
  19  1:50  Zergling x2  
  24  1:55  Drone  
  24  1:59  Drone  
  26  2:04  Drone  
  27  2:10  Drone  
  27  2:11  Overlord  
  28  2:29  Queen  
  30  2:33  Zergling x2, Queen  
  30  2:35  Drone x3  
  36  2:47  Metabolic Boost  
  35  2:59  Zergling x2  
  35  3:00  Overlord  
  35  3:08  Zergling x2  
  36  3:15  Hatchery  
  36  3:17  Drone  
  36  3:21  Drone x6  
  42  3:29  Drone  
  42  3:31  Drone  
  44  3:36  Overlord  
  44  3:37  Overlord  
  44  3:44  Overlord  
  44  3:52  Roach Warren, Overlord  
  44  3:54  Drone x4  
  47  3:59  Drone  
  48  4:03  Drone  
  48  4:04  Lair  
  48  4:05  Drone  
  48  4:08  Overlord  
  51  4:10  Drone  
  51  4:13  Extractor  
  51  4:14  Drone  
  51  4:17  Drone  
  52  4:19  Drone x2  
  52  4:20  Extractor, Drone  
  54  4:28  Zergling x4, Spore Crawler  
  54  4:29  Zergling x2  
  55  4:31  Spore Crawler  
  55  4:33  Roach  
  55  4:35  Roach  
  57  4:39  Roach  
  57  4:43  Spore Crawler  
  57  4:44  Zergling x6  
  61  4:48  Roach  
  63  4:53  Overlord  
  63  4:54  Roach  
  64  5:02  Roach x2  
  64  5:05  Drone x5  
  70  5:09  Glial Reconstitution  
  70  5:16  Zergling x2  
  70  5:17  Zergling x8  
  75  5:29  Drone x9  
  84  5:36  Overlord  
  84  5:39  Overlord  
  84  5:40  Overlord  
  84  5:42  Overlord  
  84  5:44  Roach  
  84  5:46  Overlord  
  83  6:01  Roach x7  
  89  6:04  Roach  
  89  6:06  Queen  
  89  6:08  Roach x2  
  89  6:11  Overlord  
  95  6:14  Roach x2  
  95  6:17  Roach x2  
  95  6:18  Roach  
  105  6:30  Roach x5  
  110  6:38  Roach  
  108  6:42  Roach x5  
  108  6:44  Overseer x2  
  118  6:49  Zergling x2  
  118  6:53  Overseer  
  118  6:54  Zergling x4  
  121  6:57  Roach x3  
  121  7:00  Zergling x2  
  127  7:08  Ravager  
  127  7:09  Zergling x10  
  127  7:19  Roach x3  
  129  7:24  Drone  
  129  7:27  Ravager  
  129  7:29  Drone x2  
  133  7:32  Roach, Hatchery  
  133  7:33  Overlord x2  
  133  7:34  Drone x4  
  136  7:38  Drone x3  
  136  7:41  Extractor  
  136  7:43  Drone, Extractor  
  137  7:47  Drone  
  137  7:50  Overlord  
  138  7:56  Drone x3  
  141  8:01  Drone x5  
  145  8:05  Evolution Chamber  
  145  8:08  Drone  
  145  8:09  Drone x3, Extractor  
  145  8:10  Drone x2  
  149  8:18  Roach  
  151  8:22  Roach x5  
  151  8:25  Overlord  
  159  8:27  Overlord  
  159  8:29  Ravager x2  
  159  8:30  Overlord  
  161  8:39  Baneling Nest  
  159  8:44  Overseer  
  159  8:47  Roach x9  
  173  8:53  Roach x4  
  173  8:54  Roach x2  
  173  8:55  Roach  
  187  9:02  Overlord x2  
  187  9:07  Overlord  
  187  9:16  Roach x8  
  170  9:18  Ravager  
  170  9:19  Overlord, Ravager  
  164  9:24  Roach x4  
  164  9:30  Roach x3  
  164  9:31  Overseer  
  174  9:38  Roach  
  174  9:39  Roach x3  
Show
View Real Time Build Order
Export as new Build Order

DnS Protoss - Winner!

Build Orders: 1 Gate Expand, Archon Immortal, Archon Drop, Dark Templar Rush 

Get SALT Encoding   

  12  0:00  Probe  
  13  0:12  Probe  
  14  0:17  Pylon  
  14  0:24  Probe (Chrono Boost)  
  15  0:36  Probe (Chrono Boost)  
  15  0:37  Gateway  
  16  0:44  Probe (Chrono Boost)  
  16  0:46  Assimilator  
  17  0:51  Probe  
  17  0:56  Assimilator  
  18  1:03  Probe  
  19  1:15  Probe  
  20  1:24  Nexus  
  20  1:34  Cybernetics Core  
  20  1:37  Probe  
  21  1:44  Assimilator  
  21  1:49  Probe  
  21  1:53  Pylon  
  22  2:01  Probe (Chrono Boost)  
  22  2:08  Adept (Chrono Boost)  
  23  2:11  Warp Gate  
  23  2:13  Probe (Chrono Boost)  
  26  2:18  Probe (Chrono Boost)  
  27  2:28  Probe  
  28  2:30  Stalker (Chrono Boost)  
  30  2:38  Probe  
  30  2:40  Probe  
  30  2:41  Twilight Council  
  32  2:50  Probe  
  33  2:52  Probe  
  34  3:01  Robotics Facility  
  34  3:02  Probe  
  34  3:04  Probe  
  36  3:12  Gateway  
  36  3:14  Probe  
  36  3:16  Probe  
  36  3:18  Adept  
  40  3:26  Probe  
  41  3:28  Probe  
  41  3:31  Dark Shrine  
  42  3:36  Gateway  
  42  3:38  Probe  
  42  3:40  Probe  
  44  3:45  Pylon  
  44  3:47  Warp Prism (Chrono Boost), Assimilator  
  46  4:03  Probe x2  
  46  4:05  Pylon  
  48  4:10  Adept x2  
  48  4:15  Probe, Pylon  
  48  4:16  Probe  
  54  4:33  Probe  
  54  4:34  Probe  
  56  4:44  Dark Templar x3  
  62  4:46  Nexus  
  62  4:48  Pylon  
  62  4:49  Probe x2  
  64  4:54  Assimilator  
  64  5:05  Probe  
  64  5:06  Probe  
  66  5:10  Immortal (Chrono Boost)  
  66  5:12  Forge  
  70  5:16  Archon  
  70  5:17  Probe  
  70  5:21  Dark Templar x2  
  75  5:22  Probe  
  75  5:25  Archon  
  76  5:29  Probe  
  76  5:32  Pylon  
  77  5:43  Charge  
  74  5:50  Protoss Ground Weapons Level 1 (Chrono Boost)  
  74  5:52  Pylon  
  74  5:53  Pylon  
  74  5:55  Pylon  
  72  5:57  Probe x2  
  72  6:01  Probe  
  75  6:07  Zealot x3  
  75  6:09  Probe x2  
  77  6:11  Immortal (Chrono Boost)  
  77  6:13  Probe  
  77  6:15  Pylon  
  77  6:18  Gateway x2, Pylon  
  82  6:21  Probe  
  82  6:23  Probe  
  84  6:28  Probe  
  81  6:35  Sentry x3, Probe (Chrono Boost)  
  81  6:37  Shield Battery, Probe (Chrono Boost)  
  85  6:42  Probe (Chrono Boost)  
  87  6:48  Immortal (Chrono Boost)  
  87  6:51  Probe (Chrono Boost)  
  87  6:52  Probe x2 (Chrono Boost)  
  93  6:54  Pylon  
  93  6:57  Probe (Chrono Boost)  
  93  6:58  Probe  
  93  6:59  Gateway, Probe  
  96  7:02  Gateway  
  96  7:04  Gateway  
  96  7:05  Gateway  
  96  7:06  Pylon  
  96  7:09  Stalker x3  
  96  7:10  Probe  
  96  7:12  Zealot  
  96  7:15  Zealot  
  103  7:20  Immortal (Chrono Boost)  
  103  7:22  Probe x2  
  105  7:25  Shield Battery  
  105  7:34  Sentry x3  
  105  7:35  Sentry, Shield Battery  
  105  7:37  Zealot  
  113  7:43  Protoss Ground Weapons Level 2 (Chrono Boost), Assimilator  
  111  7:44  Assimilator  
  111  7:45  Pylon  
  111  7:58  Observer  
  112  8:06  Nexus  
  112  8:09  Pylon  
  112  8:13  Dark Templar  
  112  8:16  Zealot x7  
  112  8:19  Immortal  
  132  8:22  Pylon  
  132  8:29  Photon Cannon, Probe x3  
  132  8:31  Shield Battery  
  135  8:36  Zealot x2  
  135  8:41  Dark Templar x3  
  143  8:42  Dark Templar  
  143  8:46  Archon x2  
  147  8:59  Photon Cannon  
  147  9:02  Photon Cannon x2  
  145  9:06  Zealot  
  145  9:07  Zealot x3  
  151  9:21  Zealot x4  
  155  9:30  Sentry x2, Gateway  
  155  9:31  Sentry x2  
  161  9:33  Gateway  
  137  9:56  Stalker x8  
Tags
 
Add a new tag
Caveats
  • Supply blocks, unpowered buildings, or Contaminate may cause inaccurate times.
  • Supply counts are checked every 10 seconds.